 Dungeon Crawl Stone Soup version 0.28-a0-895-g6e5f11bd55 (webtiles) character file.

Game seed: 14307116631710068653

44 vurker the Gusty (level 3, 0/27 HPs)
             Began as a Demigod Air Elementalist on Nov 23, 2021.
             Slain by Sigmund (6 damage)
             ... on level 2 of the Dungeon.
             The game lasted 00:02:16 (1951 turns).

vurker the Gusty (Demigod Air Elementalist)         Turns: 1951, Time: 00:02:17

Health: 0/27       AC:  2    Str:  9    XL:     3   Next: 22%
Magic:  3/9        EV: 12    Int: 21    God:
Gold:   39         SH:  0    Dex: 14    Spells: 5/6 levels left

rFire   . . .      SeeInvis .   c - +0 dagger
rCold   . . .      Faith    .   (no shield)
rNeg    . . .      Spirit   .   a - +0 robe
rPois   .          Reflect  .   (no helmet)
rElec   .          Harm     .   (no cloak)
rCorr   .          Rampage  .   (no gloves)
Will    .....                   (no boots)
Stlth   ++........              (no amulet)
HPRegen 0.09/turn               (no ring)
MPRegen 0.11/turn               (no ring)

@: no status effects
A: high mp 1, forlorn
a: no special abilities


You were on level 2 of the Dungeon.
You visited 1 branch of the dungeon, and saw 2 of its levels.

You collected 39 gold pieces.

Inventory:

Hand Weapons
 c - a +0 dagger (weapon)
   (You took it off a kobold on level 1 of the Dungeon)
Armour
 a - a +0 robe (worn)


   Skills:
 + Level 0.9 Fighting
 - Level 1.7 Dodging
 - Level 1.7 Stealth
 * Level 2.3 Spellcasting
 + Level 1.3 Conjurations
 * Level 3.2 Air Magic


You had 5 spell levels left.
You knew the following spells:

 Your Spells              Type           Power      Damage    Failure   Level
a - Shock                 Conj/Air       48%        1d6       5%          1

Your spell library contained the following spells:

 Spells                   Type           Power      Damage    Failure   Level
 Static Discharge         Conj/Air       12%        N/A       9%          2
 Swiftness                Air            16%        N/A       12%         3
 Airstrike                Air            8%         N/A       36%         4


Dungeon Overview and Level Annotations

Branches:
Dungeon (2/15)

Annotations:
D:2 Sigmund


Innate Abilities, Weirdness & Mutations

Your attributes grow dramatically as you level up.
You have an increased reservoir of magic. (+10% MP)
You shall have no god before yourself.


Message History

Nothing appears to happen.
You miscast Shock.
Nothing appears to happen.
Sigmund hits you from afar with a +0 scythe!
* * * LOW HITPOINT WARNING * * *
The zap misses Sigmund.
Sigmund misses you.
You miscast Shock.
Nothing appears to happen.
Sigmund closely misses you.
You climb upwards.
There is a stone staircase leading down here.
You start resting.
Your magical contamination has completely faded away.
You start resting.
You climb downwards.
Level annotation: Sigmund
There is a stone staircase leading up, spattered with blood here.
Sigmund points at you and mumbles some strange words.
The magic dart hits you. Sigmund barely misses you.
There is a stone staircase leading down here.
Aim: Sigmund, wielding a +0 scythe, wearing a +0 robe and carrying a wand of digging (2) (64% to hit)
You miscast Shock.
You are very lightly contaminated with residual magic.
Nothing appears to happen.
Sigmund barely misses you.
You hear a zap.
Some rock shatters into small pieces.
Your magical contamination has completely faded away.
Aim: Sigmund, wielding a +0 scythe, wearing a +0 robe and carrying a wand of digging (1) (64% to hit)
The zap misses Sigmund. x2
Sigmund says, "I'm your fate."
Sigmund points at you and mumbles some strange words.
The magic dart hits you!
Aim: Sigmund, wielding a +0 scythe, wearing a +0 robe and carrying a wand of digging (1) (64% to hit)
The zap hits Sigmund. x2
Sigmund casts a spell at you. The magic dart hits you!
* * * LOW HITPOINT WARNING * * *
Aim: Sigmund, wielding a +0 scythe, wearing a +0 robe and carrying a wand of digging (1) (moderately wounded, 64% to hit)
The zap hits Sigmund but does no damage.
The zap misses Sigmund.
Aim: Sigmund, wielding a +0 scythe, wearing a +0 robe and carrying a wand of digging (1) (moderately wounded, 64% to hit)
The zap hits Sigmund. x2
Sigmund hits you from afar with a +0 scythe.
* * * LOW HITPOINT WARNING * * *
Aim: Sigmund, wielding a +0 scythe, wearing a +0 robe and carrying a wand of digging (1) (heavily wounded, 64% to hit)
The zap hits Sigmund.
The zap misses Sigmund.
Aim: Sigmund, wielding a +0 scythe, wearing a +0 robe and carrying a wand of digging (1) (heavily wounded, 64% to hit)
The zap misses Sigmund. x2
Sigmund hits you from afar with a +0 scythe.
You die...

#.# #. #.# #.# ###.####.#
#.# #..†..#..#########
#)# #.#.#............#
#.# #.#........#####...
#.# #.##...#.#.#####..##
#.####........#.....>...#
#................####....
######.###...)##@# ..#
##...##.# ...#
#.#.##@##.#..#
#....#.......#
#.#.#.#.#...##
#...........####
###.#...>........
#...)...<...###
#####<......#


You could see Sigmund.

Vanquished Creatures
  A worm (D:2)
  2 dart slugs (D:1)
  5 ball pythons
  3 endoplasms
  A giant cockroach (D:1)
  A goblin (D:1)
  4 hobgoblins
  3 quokkas (D:1)
  4 bats (D:1)
  A frilled lizard (D:1)
  6 kobolds
  3 rats
34 creatures vanquished.

Notes
Turn   | Place    | Note
-------+----------+-------------------------------------------
     0 | D:1      | vurker the Demigod Air Elementalist began the quest for the
                  | Orb.
     0 | D:1      | Reached XP level 1. HP: 14/14 MP: 5/5
    52 | D:1      | Reached skill level 1 in Conjurations
   277 | D:1      | Reached XP level 2. HP: 22/22 MP: 4/7
   448 | D:1      | Reached skill level 3 in Air Magic
  1097 | D:2      | Reached XP level 3. HP: 27/27 MP: 3/9
  1401 | D:2      | Noticed Sigmund
  1951 | D:2      | Slain by Sigmund

Illustrated notes

Levels and vault maps discovered:
D:1:      minmay_arrival_stone_box, layout_rooms
D:2:      layout_loops_ring, uniq_terence, uniq_sigmund, uniq_robin

Skill      XL: |  1  2 |
---------------+-------+-----
Conjurations   | 1 |  1.3
Spellcasting   | 2 |  2.3
Air Magic      | 3 |  3.2
Fighting       | |  0.9
Dodging        | |  1.7
Stealth        | |  1.7

Action                   || total
-------------------------++-------
Melee: Unarmed           ||     4
       Dagger            ||     9
 Cast: Shock             ||   105
  Use: Potion            ||     1
Armor: Robe              ||     8
Dodge: Dodged            ||    23

Table legend: (Time is in decaauts)
 A = Elapsed time spent in this place.
 B = Non-inter-level travel time spent in this place.
 C = Inter-level travel time spent in this place.
 D = Time resting spent in this place.
 E = Time spent auto-exploring this place.
 F = Levels seen in this place.
 G = Mean time per level.
                   A        B        C        D        E       F      G
               +--------+--------+--------+--------+--------+-----+--------+
         Total |   1953 |   1917 |     36 |    477 |   1208 |   2 |  976.5 |
       Dungeon |   1953 |   1917 |     36 |    477 |   1208 |   2 |  976.5 |
               +--------+--------+--------+--------+--------+-----+--------+

Top non-repeatable levels by time:
     D:1: 1576 daAuts
     D:2: 377 daAuts
